 Dungeon Crawl Stone Soup version 0.31-a0-1405-g2bb1a01664 (webtiles) character file.

Game seed: 953607460999330838

1853 BigPumpCobain the Ruffian (level 8, -14/81 HPs)
             Began as a Troll Shapeshifter on Dec 25, 2023.
             Demolished by an orc warrior
             ... wielding a +0 halberd
              (17 damage)
             ... on level 6 of the Dungeon.
             The game lasted 00:04:12 (3718 turns).

BigPumpCobain the Ruffian (Troll Shapeshifter)      Turns: 3718, Time: 00:04:13

Health: -14/81     AC:  4    Str: 25    XL:     8   Next: 89%
Magic:  7/7        EV:  9    Int:  6    God:
Gold:   340        SH:  0    Dex:  9    Spells: 7/7 levels left

rFire   . .          .
                       - Unarmed
rCold   + . .        (no shield)
rNeg    . . .        a - +0 animal skin
rPois   .            (helmet currently unavailable)
rElec   .            (cloak currently unavailable)
rCorr   .            (gloves unavailable)
SInv    .            (boots unavailable)
Will    +....        (no amulet)
Stlth   +            t - ring of protection from cold
HPRegen 1.13/turn    w - ring of willpower
MPRegen 0.10/turn

%: no passive effects
@: beast-form
A: beast (slay +3), large, unfitting armour, claws 3, regeneration 1, shaggy fur
1, tough skin 1
a: Begin Untransformation


You were on level 6 of the Dungeon.
You were a hulking beast.
You visited 1 branch of the dungeon, and saw 7 of its levels.

You collected 340 gold pieces.

Inventory:

Armour
 a - a +0 animal skin (worn)
Jewellery
 t - a ring of protection from cold (left claw)
 w - a ring of willpower (right claw)
 y - a ring of resist corrosion
Talismans
 c - a beast talisman
 d - a flux talisman
 r - a maw talisman
 A - a serpent talisman
Wands
 u - a wand of flame (26)
 v - a wand of charming (7)
Scrolls
 f - a scroll of brand weapon {unknown}
 g - 2 scrolls of teleportation {unknown}
 i - a scroll of revelation {unknown}
 j - a scroll of summoning {unknown}
 m - a scroll of vulnerability {unknown}
 o - a scroll of enchant armour {unknown}
 p - a scroll of silence {unknown}
 q - 4 scrolls of identify {unknown}
 s - 2 scrolls of blinking {unknown}
 z - a scroll of fog {unknown}
Potions
 b - a potion of lignification
 e - a potion of resistance {unknown}
 h - 3 potions of curing {unknown}
 k - a potion of enlightenment {unknown}
 l - 2 potions of cancellation {unknown}
 n - a potion of heal wounds {unknown}
 x - a potion of mutation {unknown}


   Skills:
 + Level 5.5 Fighting
 - Level 1.5 Dodging
 + Level 7.3 Unarmed Combat
 + Level 6.8 Shapeshifting


You had 7 spell levels left.
You didn't know any spells.
Your spell library contained the following spells:

 Spells                   Type           Power      Damage    Failure   Level
 Magic Dart               Conj           0%         1d3       45%         1
 Shock                    Conj/Air       0%         1d3       45%         1
 Slow                     Hex            0%         N/A       45%         1
 Call Imp                 Summ           0%         N/A       58%         2
 Cigotuvi's Dreadful Rot  Necr/Alch/Air  0%         N/A       58%         2
 Ensorcelled Hibernation  Hex/Ice        0%         N/A       58%         2
 Searing Ray              Conj           0%         2d4       58%         2
 Sublimation of Blood     Necr           0%         N/A       58%         2
 Confusing Touch          Hex            0%         N/A       83%         3
 Fugue of the Fallen      Necr           0%         N/A       83%         3
 Sigil of Binding         Hex            0%         N/A       83%         3
 Swiftness                Air            0%         N/A       83%         3
 Vampiric Draining        Necr           0%         2d6       83%         3
 Airstrike                Air            0%         2d(0-16)  99%         4
 Anguish                  Hex/Necr       0%         N/A       99%         4
 Dispel Undead            Necr           0%         3d6       99%         4
 Fulminant Prism          Conj/Alch      0%         3d5       99%         4
 Death Channel            Necr           0%         N/A       100%        6
 Summon Hydra             Summ           0%         N/A       100%        7


Dungeon Overview and Level Annotations

Branches:
Dungeon (7/15)
 Temple: D:4-7

Altars:
Ashenzari
Elyvilon
Fedhas
Sif Muna
Uskayaw
Zin
The Shining One


Innate Abilities, Weirdness & Mutations

You are a hulking beast.
Your limbs bulge with bestial killing power. (Slay +3)
You are too large for most types of armour.
You have claws for hands.
Your natural rate of healing is unusually fast.
You are covered in fur. (AC +1)
You have tough skin. (AC +1)


Message History

You are too injured to fight recklessly!
You are too injured to fight recklessly!
You are too injured to fight recklessly!
You are too injured to fight recklessly!
You are too injured to fight recklessly!
You are too injured to fight recklessly!
You are too injured to fight recklessly!
You are too injured to fight recklessly!
You are too injured to fight recklessly!
You are too injured to fight recklessly!
You are too injured to fight recklessly!
You are too injured to fight recklessly!
You are too injured to fight recklessly!
You are too injured to fight recklessly!
You are too injured to fight recklessly!
You are too injured to fight recklessly!
You are too injured to fight recklessly!
You are too injured to fight recklessly!
You are too injured to fight recklessly!
You are too injured to fight recklessly!
You are too injured to fight recklessly!
You are too injured to fight recklessly!
You claw the hound!
You kill the hound!
The orc hits you with a +0 whip.
The orc warrior hits you from afar with a +0 halberd.
* * * LOW HITPOINT WARNING * * *
The electric eel shoots out a bolt of lightning at you!
The bolt of electricity hits the electric eel.
The electric eel completely resists.
The bolt of electricity hits you!
* * * LOW HITPOINT WARNING * * *
You claw the orc!
You kill the orc!
You hear a splash.
The electric eel shoots out a bolt of lightning at you!
The bolt of electricity hits you!
* * * LOW HITPOINT WARNING * * *
The orc warrior splashes around in the water.
The orc warrior hits you from afar with a +0 halberd!
You die...

♣P≈≈≈≈≈≈≈≈≈~♣..##.#####
~~~≈≈S≈≈≈≈~~P♣.##>....#
♣~~≈≈≈≈≈≈≈≈P~..######.#
~~P≈≈≈≈≈≈≈≈P~..# #.#
♣~~≈≈≈S≈≈≈~~♣..# #.#
~~~P≈≈≈≈≈~~P♣♣.# #^#
♣~~≈≈≈≈~~~♣...# #.#
P♣~~≈≈~P~~♣♣..######.##
.~~~~~)†h~~♣.....P♣.#.[#
#♣♣P~~oP~~~♣♣#..P~~.P).#
♣~~♣PP~♣~♣~.##~.~~P)).#
#~~~~~~~P♣#.#.~~~~~~P.#
##♣~~♣P~PP.....~≈≈~...#
♣~~~~P~...#.~~≈≈.~..#
#~♣~♣♣.####P~~≈≈~...#
##♣♣♣..# #.P~≈~♣~♣.#
#.#.# ##~~.~~~..#


You could see an orc warrior and 2 electric eels.

Vanquished Creatures
  The ghost of Sundig the Trooper, an amateur HuFi (D:4)
  A water moccasin (D:6)
  An ice beast (D:6)
  2 black bears
  A sky beast (D:7)
  An ogre (D:6)
  A kobold brigand (D:6)
  2 bullfrogs
  2 scorpions
  2 wights
  An electric eel (D:6)
  3 howler monkeys (D:7)
  3 bombardier beetles
  3 hounds
  A jelly (D:7)
  An orc priest (D:4)
  A sleepcap (D:7)
  Jessica (D:2)
  An iguana (D:5)
  2 orc wizards (D:4)
  A gnoll (D:1)
  8 adders
  A worm (D:2)
  A dart slug (D:3)
  16 orcs
  4 bats
  7 endoplasms
  3 giant cockroaches
  3 goblins
  4 hobgoblins
  7 jackals
  4 kobolds (D:1)
  A quokka (D:4)
  3 ball pythons
  3 frilled lizards
  2 rats (D:2)
99 creatures vanquished.

Notes
Turn   | Place    | Note
-------+----------+-------------------------------------------
     0 | D:1      | BigPumpCobain the Troll Shapeshifter began the quest for
                  | the Orb.
     0 | D:1      | Reached XP level 1. HP: 18/18 MP: 0/0
    32 | D:1      | Reached skill level 1 in Fighting
    70 | D:1      | Reached XP level 2. HP: 27/27 MP: 1/1
   271 | D:1      | Reached XP level 3. HP: 31/33 MP: 2/2
   497 | D:2      | Found a shimmering blue altar of Sif Muna.
   499 | D:2      | Noticed Jessica
   505 | D:2      | Killed Jessica
   609 | D:2      | Reached XP level 4. HP: 40/42 MP: 3/3
  1399 | D:3      | Found a glowing golden altar of the Shining One.
  1400 | D:3      | Found a glowing silver altar of Zin.
  1716 | D:3      | Found a hide-covered altar of Uskayaw.
  1823 | D:3      | Found a white marble altar of Elyvilon.
  2004 | D:4      | Reached skill level 4 in Unarmed Combat
  2004 | D:4      | Reached XP level 5. HP: 50/50 MP: 4/4
  2170 | D:4      | Reached XP level 6. HP: 57/61 MP: 5/5
  2555 | D:4      | Reached skill level 5 in Unarmed Combat
  2723 | D:4      | Found a runed translucent door.
  2726 | D:4      | Noticed Sundig's ghost (amateur HuFi)
  2739 | D:4      | Killed Sundig's ghost
  2740 | D:4      | Reached skill level 5 in Shapeshifting
  2740 | D:4      | Reached XP level 7. HP: 57/68 MP: 6/6
  2910 | D:5      | Entered Level 5 of the Dungeon
  3122 | D:5      | You fall into a shaft and drop 2 floors!
  3128 | D:7      | Found a broken altar of Ashenzari.
  3197 | D:7      | Reached skill level 6 in Unarmed Combat
  3197 | D:7      | Reached XP level 8. HP: 79/79 MP: 7/7
  3387 | D:7      | Found a blossoming altar of Fedhas.
  3578 | D:6      | Reached skill level 5 in Fighting
  3616 | D:6      | Reached skill level 7 in Unarmed Combat
  3626 | D:6      | Identified the +1 leather armour "Sistryett" {Str+3 Int+2}
  3717 | D:6      | HP: 2/81 [electric eel/bolt of electricity (12)]
  3718 | D:6      | Demolished by an orc warrior

Illustrated notes

Levels and vault maps discovered:
D:1:      eino_arrival_water_star, layout_rooms, minmay_misc_feat_plants,
          minmay_pentomino_s4
D:2:      layout_loops_corners, basic_altar, minmay_crystal_room, uniq_jessica
D:3:      layout_loops_cross, good_gods_temple_1,
          nicolae_uskayaw_murder_on_the_dancefloor
D:4:      minmay_skewed_foursquare, layout_loops_ring, ebering_ghost_sewer_d
D:5:      layout_gridville, chei_slow_surprise, uniq_ijyb
D:6:      layout_loops_ring, tgw_xom, nicolae_overflow_hidden_temple,
          serial_shops, shop_statue, serial_bayou, serial_bayou_pond_e,
          serial_bayou_pond_b, serial_bayou_lake_a, serial_bayou_pond_b
D:7:      layout_loops_cross, mainiacjoe_overflow_brackets,
          kennysheep_mini_moat, minmay_temple_entry_enclosed_plants, uniq_pikel

Skill      XL: |  1  2  3  4  5  6  7  8 |
---------------+-------------------------+-----
Fighting       | 1 2 3 4 5 |  5.5
Unarmed Combat | 4 5 6 7 |  7.3
Shapeshifting  | 4 5 6 |  6.8
Dodging        | |  1.5

Action                     |  1- 3 |  4- 6 |  7- 9 || total
---------------------------+-------+-------+-------++-------
  Melee: Unarmed           |    60 |   115 |    77 ||   252
         Punch             |       |     1 |     4 ||     5
   Stab: Sleeping          |       |     1 |       ||     1
 Armour: Animal skin       |    44 |    66 |    39 ||   149
  Dodge: Dodged            |    32 |    35 |    27 ||    94

Table legend: (Time is in decaauts)
 A = Elapsed time spent in this place.
 B = Non-inter-level travel time spent in this place.
 C = Inter-level travel time spent in this place.
 D = Time resting spent in this place.
 E = Time spent auto-exploring this place.
 F = Levels seen in this place.
 G = Mean time per level.
                   A        B        C        D        E       F      G
               +--------+--------+--------+--------+--------+-----+--------+
         Total |   3692 |   3605 |     87 |      0 |   3034 |   7 |  527.4 |
       Dungeon |   3692 |   3605 |     87 |      0 |   3034 |   7 |  527.4 |
               +--------+--------+--------+--------+--------+-----+--------+

Top non-repeatable levels by time:
     D:4: 924 daAuts
     D:2: 894 daAuts
     D:3: 617 daAuts
     D:1: 457 daAuts
     D:7: 441 daAuts
     D:5: 209 daAuts
     D:6: 147 daAuts
